 Dungeon Sprint DCSS version 0.17-a0-1646-geb1493d (webtiles) character file.

260 Kidiri the Covert (level 5, -8/24 HPs)
             Began as a Spriggan Enchanter on Aug 10, 2015.
             Mangled by a slime creature (18 damage)
             ... in the Dungeon (Sprint I: "Red Sonja").
             The game lasted 00:01:37 (273 turns).

Kidiri the Covert (Spriggan Enchanter)               Turns: 273, Time: 00:01:37

Health: -8/24      AC:  3    Str:  4    XL:     5   Next: 95%
Magic:  7/16       EV: 24    Int: 17    God:
Gold:   162        SH:  0    Dex: 17    Spells: 5 memorised, 7 levels left

rFire  . . .     SeeInvis +     a - +1 dagger
rCold  . . .     Clarity  .     b - +1 robe
rNeg   . . .     SustAt   .     (shield restricted)
rPois  .         Gourm    .     (helmet restricted)
rElec  .         Spirit   .     (no cloak)
rCorr  .         Warding  .     (gloves unavailable)
rMut   .         NoTele   +     (boots unavailable)
MR     .....                    (no amulet)
Stlth  +++++.....               (no ring)
                                (no ring)

@: very quick, not resistant to hostile enchantments, quite stealthy
A: unfitting armour, see invisible, herbivore 3, speed 3, slow metabolism 2
a: no special abilities


You were in the Dungeon.
You were not hungry.

You visited 1 branch You collected 162 gold pieces.

Inventory:

Hand weapons
 a - a +1 dagger (weapon)
Armour
 b - a +1 robe (worn)
Scrolls
 j - a scroll of blinking
Potions
 e - a potion of curing
 f - a potion of heal wounds
 g - a potion of haste
 h - 2 potions of magic
 i - a potion of berserk rage
Books
 c - a book of Maledictions

   Spells                             Type                      Level
   a - Corona                         Hexes                        1
   b - Ensorcelled Hibernation        Hexes/Ice                    2
   c - Confuse                        Hexes                        3
   d - Tukima's Dance                 Hexes                        3
   e - Dazzling Spray                 Conjuration/Hexes            3
Comestibles
 d - a bread ration


   Skills:
 + Level 4.5 Short Blades
 * Level 8.9 Dodging
 * Level 10.2 Stealth
 * Level 7.6 Spellcasting
 + Level 0.0 Conjurations
 + Level 6.1 Hexes
 + Level 2.6 Ice Magic


You had 7 spell levels left.
You knew the following spells:

 Your Spells              Type           Power        Failure   Level  Hunger
a - Corona                Hex            ####...      1%          1    None
b - Ensorcelled Hibernat  Hex/Ice        ###...       2%          2    None
c - Confuse               Hex            ####....     2%          3    ##.....
d - Tukima's Dance        Hex            ####....     2%          3    ##.....
e - Dazzling Spray        Conj/Hex       ###.....     12%         3    ##.....


Dungeon Overview and Level Annotations

Branches:
Dungeon (1/1)

Altars:
Cheibriados
Dithmenos
Fedhas
Jiyva


Innate Abilities, Weirdness & Mutations

You are tiny and cannot use many weapons and most armour.
You have supernaturally acute eyesight.
You are a herbivore.
You cover ground extremely quickly.
You need consume almost no food.


Message History

Aim: a slime creature (chance to defeat MR: 38%)
Okay, then.
Unknown command.
Unknown command.
Unknown command.
Casting: Confuse
Confirm with . or Enter, or press ? or * to list all spells.
Aiming: Confuse
Press: ? - help, Shift-Dir - straight line, f/p - slime creature
Aim: a slime creature (chance to defeat MR: 38%)
The slime creature appears confused.
You hit the slime creature.
The slime creature is lightly wounded.
You hit the slime creature.
The slime creature is lightly wounded.
You hit the slime creature.
The slime creature is moderately wounded.
The slime creature hits you!!
Ouch! That really hurt!
You die...

################ ##
#<.#..'..#@)'..#__#
#..'..#.)'.J#..'..+
#..#####+#####+#__#
#..# #..# ## #..#
#### #..# #⌠⌠# ####


You could see a slime creature (confused).

Vanquished Creatures
  Sigmund (D)
  An ogre (D)
  Ijyb (D)
3 creatures vanquished.

Notes
Turn   | Place    | Note
--------------------------------------------------------------
     0 | D        | Kidiri the Spriggan Enchanter began the quest for the Orb.
     0 | D        | Reached XP level 1. HP: 9/9 MP: 5/5
     4 | D        | Noticed Ijyb
    23 | D        | Killed Ijyb
    23 | D        | Reached skill level 5 in Dodging
    23 | D        | Reached skill level 6 in Stealth
    23 | D        | Reached XP level 2. HP: 13/13 MP: 5/8
    27 | D        | Learned a level 2 spell: Ensorcelled Hibernation
   154 | D        | Noticed an ogre
   157 | D        | Killed an ogre
   157 | D        | Reached skill level 8 in Stealth
   157 | D        | Reached skill level 5 in Spellcasting
   157 | D        | Reached skill level 5 in Hexes
   157 | D        | Reached skill level 1 in Ice Magic
   157 | D        | Reached XP level 3. HP: 16/16 MP: 9/11
   157 | D        | Reached XP level 4. HP: 21/21 MP: 9/12
   183 | D        | Noticed Sigmund
   190 | D        | Killed Sigmund
   190 | D        | Reached skill level 10 in Stealth
   190 | D        | Reached XP level 5. HP: 24/24 MP: 9/16
   246 | D        | Found a snail-covered altar of Cheibriados.
   246 | D        | Found a viscous altar of Jiyva.
   246 | D        | Found a shadowy altar of Dithmenos.
   246 | D        | Found a blossoming altar of Fedhas.
   246 | D        | Noticed a slime creature
   256 | D        | Learned a level 3 spell: Confuse
   260 | D        | Learned a level 3 spell: Tukima's Dance
   264 | D        | Learned a level 3 spell: Dazzling Spray
   273 | D        | Mangled by a slime creature

Vault maps used:
D:        dungeon_sprint_1

Action                   |  1- 3 |  4- 6 || total
-------------------------+-------+-------++-------
Melee: Dagger            |    12 |     5 ||    17
 Cast: Corona            |     2 |       ||     2
       Ensorcelled Hiber |       |     3 ||     3
       Confuse           |       |     3 ||     3
 Stab: Sleeping          |     2 |     1 ||     3
